 Dungeon Crawl Stone Soup version 0.28-a0-1167-g616b1c6417 (webtiles) character file.

Game seed: 10890683594324295797

49504 Lavandula the Brawler (level 14, 0/92 (97) HPs)
             Began as a Formicid Transmuter on Dec 16, 2021.
             Was a High Priest of Ru.
             Slain by a dream sheep (19 damage)
             ... on level 5 of the Lair of Beasts.
             The game lasted 00:56:24 (25226 turns).

Lavandula the Brawler (Formicid Transmuter)        Turns: 25226, Time: 00:56:25

HP:   0/92 (97)     AC:  8    Str: 22      XL:     14   Next: 92%
MP:   26/26         EV:  2    Int: 16 (17) God:    Ru [*****.]
Gold: 768           SH:  0    Dex: 16 (17) Spells: 3/26 levels left

rFire   + . .      SeeInvis +     - Unarmed
rCold   + . .      Faith    .   (no shield)
rNeg    . . .      Spirit   .   a - +0 robe
rPois   .          Reflect  .   (helmet unavailable)
rElec   +          Harm     .   n - +2 cloak
rCorr   .          Rampage  .   (no gloves)
Will    +....                   x - +2 pair of boots
Stlth   +.........              u - amulet of magic regeneration
HPRegen 0.25/turn               b - ring of Roodgh Ginaoc {Fire Will+ Str+2}
MPRegen 0.60/turn               B - ring of the Middle {rElec rC+ Str+4 Dex+6 SInv}

@: exhausted, sleeping, drained
A: permanent stasis, dig shafts and tunnels, antennae 3, frail 1, inability to
train armour, weak-willed 1, four strong arms, cold resistance 1, deterioration
1, high mp 1
a: Dig, Shaft Self, Renounce Religion, Draw Out Power, Power Leap, Apocalypse


You were on level 5 of the Lair of Beasts.
You worshipped Ru.
Ru was extremely pleased with you.
You visited 3 branches of the dungeon, and saw 21 of its levels.
You visited the Abyss 1 time.

You collected 852 gold pieces.
You spent 84 gold pieces at shops.

Inventory:

Missiles
 j - 4 javelins (quivered)
 p - 2 curare-tipped darts
Armour
 a - a +0 robe (worn)
 n - a +2 cloak (worn)
 x - a +2 pair of boots (worn)
Magical Staves
 o - a staff of conjuration
Jewellery
 b - the ring of Roodgh Ginaoc (left hand) {Fire Will+ Str+2}
   (You acquired it on level 6 of the Dungeon)

   [ring of fire]

   It enhances your fire magic.
   Str:       It affects your strength (+2).
   rF:        It protects you from fire.
   rC:        It makes you vulnerable to cold.
   Will:      It increases your willpower.
 u - an amulet of magic regeneration (around neck)
 B - the ring of the Middle (right hand) {rElec rC+ Str+4 Dex+6 SInv}
   (You acquired it on level 6 of the Dungeon)

   [ring of dexterity]

   Str:       It affects your strength (+4).
   Dex:       It affects your dexterity (+6).
   rC:        It protects you from cold.
   rElec:     It insulates you from electricity.
   SInv:      It lets you see invisible.
 C - a ring of wizardry
 H - a +6 ring of intelligence
 Q - a ring of positive energy
Wands
 g - a wand of flame (14)
 v - a wand of acid (1)
 w - a wand of charming (7)
 y - a wand of iceblast (41)
 A - a wand of polymorph (15)
 E - a wand of mindburst (30)
 T - a wand of paralysis (2)
Scrolls
 c - 3 scrolls of amnesia
 h - 3 scrolls of immolation
 i - 2 scrolls of vulnerability
 k - a scroll of silence
 s - 2 scrolls of torment
 z - a scroll of fog
 D - 3 scrolls of enchant weapon
 J - a scroll of holy word
 O - a scroll of fear
 P - a scroll of summoning
 S - a scroll of brand weapon
Potions
 d - 2 potions of cancellation
 e - 2 potions of brilliance
 f - 2 potions of ambrosia
 l - 5 potions of lignification
 q - a potion of attraction {unknown}
 r - a potion of might
 t - a potion of curing
 G - 3 potions of magic
 I - 3 potions of heal wounds {unknown}
 K - a potion of flight {unknown}
 L - a potion of mutation
 M - a potion of berserk rage {unknown}
 R - a potion of resistance {unknown}


   Skills:
 - Level 9.5 Fighting
 - Level 6.8 Dodging
 + Level 15.8 Unarmed Combat
 - Level 6.6 Spellcasting
 - Level 6.0 Conjurations
 - Level 10.4 Transmutations
 - Level 3.7 Ice Magic
 - Level 5.8 Air Magic
 - Level 2.0 Poison Magic
 - Level 2.0 Evocations


You had 3 spell levels left.
You knew the following spells:

 Your Spells              Type           Power      Damage    Failure   Level
a - Beastly Appendage     Tmut           76%        N/A       1%          1
b - Wereblood             Tmut           38%        N/A       1%          2
c - Spider Form           Tmut/Pois      25%        N/A       3%          3
d - Ice Form              Ice/Tmut       28%        N/A       7%          4
e - Mephitic Cloud        Conj/Pois/Air  20%        N/A       6%          3
f - Freezing Cloud        Conj/Ice/Air   10%        6-21      38%         5
g - Blade Hands           Tmut           19%        N/A       4%          5

Your spell library contained the following spells:

 Spells                   Type           Power      Damage    Failure   Level
 Magic Dart               Conj           96%        1d7       1%          1
 Searing Ray              Conj           48%        2d6       1%          2
 Static Discharge         Conj/Air       24%        N/A       1%          2
 Poisonous Vapours        Pois/Air       34%        N/A       4%          2
 Corpse Rot               Necr/Air       28%        N/A       6%          2
 Ignite Poison            Fire/Tmut/Pois 27%        N/A       7%          3
 Conjure Flame            Conj/Fire      22%        6-21      11%         3
 Dazzling Flash           Conj/Hex       28%        N/A       11%         3
 Scorch                   Fire           14%        2d6       21%         2
 Portal Projectile        Hex/Tloc       10%        N/A       36%         3
 Lightning Bolt           Conj/Air       12%        1d25      30%         5
 Flame Wave               Conj/Fire      22%        2d6       36%         4
 Fulminant Prism          Conj/Hex       7%         3d7       36%         4
 Sticky Flame             Conj/Fire      22%        2d4       36%         4
 Fireball                 Conj/Fire      11%        3d7       71%         5
 Silence                  Hex/Air        7%         N/A       73%         5
 Animate Armour           Summ/Erth      10%        N/A       78%         4
 Cause Fear               Hex            2%         N/A       78%         4
 Dispel Undead            Necr           5%         3d7       78%         4
 Leda's Liquefaction      Hex/Erth       2%         N/A       78%         4
 Dragon Form              Tmut           19%        N/A       83%         7
 Metabolic Englaciation   Hex/Ice        5%         N/A       86%         5
 Statue Form              Tmut/Erth      14%        N/A       93%         6
 Agony                    Necr           5%         N/A       98%         5
 Lee's Rapid Deconstruct  Erth           2%         3d6*      98%         5
 Iron Shot                Conj/Erth      7%         9d2       99%         6
 Summon Cactus Giant      Summ           2%         N/A       100%        6
 Maxwell's Capacitive Co  Air            11%        ∞         100%        8
 Dragon's Call            Summ           2%         N/A       100%        9
 Blink                    Tloc           Unusable   N/A       N/A         2

Dungeon Overview and Level Annotations

Branches:
Dungeon (15/15)            Temple (1/1) D:7            Lair (5/6) D:11
  Swamp (0/4) Lair:2        Snake (0/4) Lair:2        Slime (0/5) Lair:5
    Orc (0/2) D:10         Depths (0/4) D:15
 Vaults: D:13-14

Altars:
Ashenzari
Cheibriados
Dithmenos
Elyvilon
Fedhas
Gozag
Hepliaklqana
Kikubaaqudgha
Makhleb
Nemelex Xobeh
Okawaru
Qazlal
Ru
Sif Muna
Trog
Uskayaw
Vehumet
Wu Jian
Xom
Yredelemnul
Zin
The Shining One

Shops:
D:8 *   D:9 (   D:13 *

Portals:
Gauntlet: Lair:5

Annotations:
D:5 2 transporters, paps's ghost, weakling OpDe
D:10 Joseph
D:11 2 runed translucent doors, pantherbaby0's ghost, novice GrFi
D:12 4 runed translucent doors
D:14 2 runed translucent doors, Louise; Nessos; Stonecrops's ghost, adept GrBe


Innate Abilities, Weirdness & Mutations

You cannot be hasted, slowed, berserked, paralysed or teleported.
You can dig through walls and to a lower floor.
You have a pair of large antennae on your head. (SInv)
You are frail. (-10% HP)
You cannot train Armour skill.
You are slightly weak-willed. (Will-)
Your four strong arms can wield two-handed weapons with a shield.
Your flesh is cold resistant. (rC+)
Your body sometimes deteriorates upon taking damage.
You have an increased reservoir of magic. (+10% MP)


Message History

You fall asleep.
The dream sheep bites you!!
You wake up.
Your body deteriorates!
You feel dopey. The dream sheep bites you!
* * * LOW HITPOINT WARNING * * *
The dream sheep barely misses you.
Unknown command.
You hit the dream sheep but do no damage.
You slash the dream sheep!!
You kill the dream sheep!
Your hands revert to their normal proportions.
The dream sheep misses you. The dream sheep closely misses you.
Unknown command.
You punch the dream sheep!
The dream sheep is severely wounded.
The dream sheep bites you!
* * * LOW HITPOINT WARNING * * *
The dream sheep bites you but does no damage.
Unknown command.
You closely miss the dream sheep.
The dream sheep is severely wounded.
The dream sheep bites you.
* * * LOW HITPOINT WARNING * * *
Unknown command.
You feel better.
The dream sheep is stunned by your conviction and fails to attack.
The dream sheep barely misses you.
The dream sheep bites you but does no damage.
Unknown command.
Okay, then.
Okay, then.
Unknown command.
The dream sheep misses you.
You see here a dream sheep corpse.
Unknown command.
The dream sheep shake their wool and sparkle.
You feel drowsy...
You fall asleep.
The dream sheep bites you but does no damage.
The dream sheep bites you!!
You die...

##....#.8.#.#,,..# *,*,,***
##.#.....#.#,...* **,,,,,©
**#.#.#.....#,..** *,*,,,*
,...##.....###.,* *** **,,,,*
,....##...#.#.#** *,* *,,,,,
#####(.....##.#### ****,* **,,,,,
,8......###..#.8.##*,,,** *,,,,,,
............#.....#,,,,* *,,,,,,
.<......8...+..>@8#,,,,* **,,,,,
............#..YYY#,,,,* *,,,,,,
.8.##.##.#..##.8..#,,,,****,,,,,,
###*##.....######†...∩.#,*,,,,,,,
***###+##*,*,*.........,,,,,,,,
***,**,,,,,*,,,..........*,,,,,,,
,**,,,*,,,*,*,###.......#**,,,,,,
****,,,,,,*,,*,*#.......#*,,,,,,,
,,,,*,,,8,,,,***#.......#,,,,,,,,


You could see 3 dream sheep.

Vanquished Creatures
  A frost giant (D:15)
  Snorg (D:10)
  A boulder beetle (D:11)
  Harold (D:7)
  3 hydras
  Erica (D:10)
  An ogre mage (D:15)
  7 two-headed ogres
  2 centaur warriors
  3 death yaks (Lair:5)
  Nergalle (Lair:1)
  3 deep elf pyromancers (D:15)
  An oklob plant (Lair:4)
  6 ugly things
  3 cyclopes
  A manticore (D:13)
  7 elephants
  10 black mambas
  Maurice (D:9)
  5 cane toads
  An unseen horror (shapeshifter) (D:14)
  5 komodo dragons
  2 kobold demonologists
  An efreet (D:15)
  2 polar bears
  A hornet (shapeshifter) (D:15)
  4 slime creatures
  Prince Ribbit (D:7)
  17 blink frogs
  A tyrant leech (Lair:2)
  4 dream sheep (Lair:5)
  Sigmund (D:3)
  A shadow (D:11)
  2 wraiths
  A wyvern (Lair:3)
  45 yaks
  A basilisk (D:15)
  A swamp worm (Lair:2)
  An acid dragon (D:11)
  5 orc warriors
  23 water moccasins
  2 black bears (D:11)
  A necrophage (D:6)
  A sky beast (D:7)
  3 ogres
  11 centaurs
  2 phantoms (D:5)
  3 kobold brigands
  11 bullfrogs
  A gnoll sergeant (D:10)
  A scorpion (D:5)
  A wyvern skeleton (D:6)
  12 wights
  4 howler monkeys
  3 electric eels
  3 jellies
  3 gnoll shamans
  A centaur skeleton (D:4)
  2 iguanas (D:5)
  6 orc priests
  5 centaur zombies
  A hound (D:5)
  7 hell rats (Lair:3)
  6 orc wizards
  A scorpion zombie (D:5)
  A killer bee zombie (D:5)
  A howler monkey zombie (D:8)
  An adder (D:2)
  12 gnolls
  3 white imps
  2 dart slugs
  36 orcs
  2 bat zombies (D:15)
  8 endoplasms
  3 giant cockroaches (D:1)
  3 goblins
  2 hobgoblins
  4 jackals (D:2)
  A quokka (D:4)
  10 ball pythons
  2 bats
  5 frilled lizards
  14 kobolds
  5 rats
  3 rat zombies (D:15)
388 creatures vanquished.

Vanquished Creatures (collateral kills)
  A tengu warrior (D:15)
1 creature vanquished.

Vanquished Creatures (others)
  A tengu warrior (D:15)
  A yak (Lair:1)
  A wight (D:7)
  13 fungi
  30 plants
46 creatures vanquished.

Grand Total: 435 creatures vanquished

Notes
Turn   | Place    | Note
-------+----------+-------------------------------------------
     0 | D:1      | Lavandula the Formicid Transmuter began the quest for the
                  | Orb.
     0 | D:1      | Reached XP level 1. HP: 15/15 MP: 3/3
    86 | D:1      | Found a faded altar of an unknown god.
   484 | D:1      | Reached XP level 2. HP: 19/21 MP: 3/5
   487 | D:1      | Learned a level 2 spell: Wereblood
   618 | D:1      | You fall into a shaft and drop 1 floor!
   626 | D:2      | You fall into a shaft and drop 1 floor!
   651 | D:3      | Noticed Sigmund
   660 | D:3      | You fall into a shaft and drop 2 floors!
   660 | D:5      | Entered Level 5 of the Dungeon
   708 | D:4      | Found a broken altar of Ashenzari.
  1263 | D:2      | Reached skill level 4 in Unarmed Combat
  1263 | D:2      | Reached XP level 3. HP: 22/26 MP: 4/6
  1267 | D:2      | Learned a level 3 spell: Spider Form
  1389 | D:2      | Reached skill level 1 in Poison Magic
  2730 | D:3      | Reached XP level 4. HP: 25/32 MP: 3/7
  2823 | D:3      | Killed Sigmund
  2824 | D:3      | Reached skill level 5 in Unarmed Combat
  2824 | D:3      | Reached XP level 5. HP: 33/37 MP: 2/8
  2824 | D:3      | Reached XP level 6. HP: 38/43 MP: 2/9
  4261 | D:4      | Noticed an orc warrior
  4314 | D:4      | You fall into a shaft and drop 1 floor!
  4317 | D:5      | Noticed an ogre
  4330 | D:5      | HP: 1/43 [acid (10)]
  4331 | D:5      | You fall into a shaft and drop 2 floors!
  4675 | D:6      | Noticed a necrophage
  4679 | D:6      | Killed a necrophage
  4680 | D:6      | Reached XP level 7. HP: 48/48 MP: 7/10
  4711 | D:6      | Learned a level 4 spell: Ice Form
  4940 | D:6      | Identified a scroll of acquirement
  4942 | D:6      | Acquired the ring of Roodgh Ginaoc {Fire Will+ Str+2}
  5280 | D:6      | Reached skill level 6 in Unarmed Combat
  5333 | D:6      | Reached XP level 8. HP: 23/54 MP: 12/14
  5522 | D:6      | Reached skill level 1 in Ice Magic
  5823 | D:6      | Reached skill level 5 in Transmutations
  6186 | D:5      | Found a transporter.
  6187 | D:5      | Found a transporter.
  6187 | D:5      | Noticed paps's ghost (weakling OpDe)
  6474 | D:5      | Reached skill level 7 in Unarmed Combat
  6993 | D:5      | Reached XP level 9. HP: 59/59 MP: 12/15
  7033 | D:6      | Reached skill level 8 in Unarmed Combat
  7390 | D:6      | Acquired the ring of the Middle {rElec rC+ Str+4 Dex+6
                  | SInv}
  7631 | D:6      | Found an opulent altar of Gozag.
  7633 | D:6      | Found a shimmering altar of Xom.
  7633 | D:6      | Found a shimmering altar of Xom.
  7636 | D:6      | Found an ancient bone altar of Kikubaaqudgha.
  7636 | D:6      | Found a shimmering altar of Xom.
  7636 | D:6      | Found a basalt altar of Yredelemnul.
  8101 | D:7      | Noticed Prince Ribbit
  8215 | D:7      | Reached skill level 9 in Unarmed Combat
  8223 | D:7      | Killed Prince Ribbit
  8542 | D:7      | Acquired the Handbook of Flamy Arcane Weapons
  8594 | D:7      | Noticed Harold
  8613 | D:7      | Killed Harold
  8614 | D:7      | Reached skill level 5 in Fighting
  8614 | D:7      | Reached XP level 10. HP: 12/76 MP: 16/16
  9476 | D:7      | Found a staircase to the Ecumenical Temple.
  9511 | Temple   | Entered the Ecumenical Temple
  9600 | Temple   | Became a worshipper of Ru the Awakened
 10017 | D:8      | Found Pyhoesus's General Store.
 10027 | D:8      | Got the Guide on Translocation and Curses
 10058 | D:8      | Bought a potion of degeneration for 12 gold pieces
 10058 | D:8      | Bought a potion of lignification for 36 gold pieces
 10058 | D:8      | Bought a potion of lignification for 36 gold pieces
 10370 | D:8      | Noticed a centaur warrior
 10387 | D:8      | You fall into a shaft and drop 1 floor!
 10691 | D:9      | Noticed Maurice
 10703 | D:9      | Killed Maurice
 10704 | D:9      | Reached skill level 5 in Dodging
 10759 | D:9      | Learned a level 3 spell: Mephitic Cloud
 11063 | D:9      | Found Suurent's Weapon Shoppe.
 11232 | D:9      | Reached skill level 1 in Conjurations
 11523 | D:9      | Noticed a two-headed ogre
 11551 | D:9      | Killed a two-headed ogre
 11897 | D:8      | Identified the +0 chain mail of Context {rPois rC+ Will+
                  | Str-5}
 11947 | D:8      | HP: 2/76 [centaur warrior (2)]
 11954 | D:8      | Killed a centaur warrior
 11955 | D:8      | Reached skill level 5 in Armour
 11955 | D:8      | Reached XP level 11. HP: 10/81 MP: 17/17
 11959 | D:7      | Gained mutation: You cannot train Armour skill. [Ru
                  | sacrifice]
 11959 | D:7      | Reached * piety under Ru
 12286 | D:8      | Reached skill level 10 in Unarmed Combat
 12571 | D:10     | Entered Level 10 of the Dungeon
 12585 | D:10     | Noticed a two-headed ogre
 12600 | D:10     | Killed a two-headed ogre
 12657 | D:10     | Noticed Joseph
 12675 | D:10     | Noticed Erica
 12698 | D:10     | Killed Erica
 12699 | D:10     | Reached skill level 5 in Conjurations
 12939 | D:10     | Found a staircase to the Orcish Mines.
 12949 | D:10     | Noticed a two-headed ogre
 12951 | D:10     | Noticed Snorg
 13011 | D:10     | Killed a two-headed ogre
 13259 | D:10     | Killed Snorg
 13617 | D:10     | Learned a level 5 spell: Freezing Cloud
 13890 | D:11     | Noticed a boulder beetle
 13913 | D:11     | Killed a boulder beetle
 14448 | D:11     | Reached XP level 12. HP: 77/87 MP: 18/18
 14603 | D:11     | Reached skill level 5 in Spellcasting
 14972 | D:11     | Found a runed translucent door.
 14979 | D:11     | Noticed an ettin
 14979 | D:11     | Noticed a frost giant
 14980 | D:11     | Noticed a lich
 14980 | D:11     | Noticed a skeletal warrior
 14981 | D:11     | Found a runed translucent door.
 14984 | D:11     | Noticed pantherbaby0's ghost (novice GrFi)
 15051 | D:11     | Gained mutation: Your flesh is cold resistant. (rC+)
                  | [potion of mutation]
 15051 | D:11     | Gained mutation: You have an increased reservoir of magic.
                  | (+10% MP) [potion of mutation]
 15131 | D:11     | Found a staircase to the Lair.
 15369 | D:12     | Found a runed translucent door.
 15381 | D:12     | Found a runed translucent door.
 15401 | D:12     | Found a runed translucent door.
 15417 | D:12     | Found a runed translucent door.
 15483 | D:12     | You fall into a shaft and drop 3 floors!
 15483 | D:15     | Entered Level 15 of the Dungeon
 15623 | D:15     | Gained mutation: You are frail. (-10% HP) [Ru sacrifice]
 15623 | D:15     | Reached ** piety under Ru
 15623 | D:15     | Reached *** piety under Ru
 15645 | D:15     | Noticed a tengu warrior
 15651 | D:15     | Noticed a tengu warrior
 15665 | D:15     | Killed a tengu warrior
 15669 | D:15     | Found a staircase to the Depths.
 15669 | D:15     | Noticed a frost giant
 15682 | D:15     | Killed a frost giant
 15890 | D:15     | Noticed a centaur warrior
 15901 | D:15     | Killed a centaur warrior
 16635 | D:14     | Noticed Louise
 16637 | D:14     | Cast into level 3 of the Abyss (Louise)
 16702 | D:14     | Escaped the Abyss
 16705 | D:13     | Noticed a five-headed hydra
 16709 | D:13     | You fall into a shaft and drop 2 floors!
 16748 | D:14     | Found a large runed translucent door.
 16748 | D:14     | Found a large runed translucent door.
 16749 | D:14     | Noticed Stonecrops's ghost (adept GrBe)
 17236 | D:14     | Gained mutation: Your body sometimes deteriorates upon
                  | taking damage. [a neqoxec]
 17248 | D:14     | Noticed a skeletal warrior
 17250 | D:14     | Noticed a skeletal warrior
 17252 | D:14     | Noticed a skeletal warrior
 17253 | D:14     | Noticed a skeletal warrior
 17725 | D:14     | Noticed Nessos
 17734 | D:14     | HP: 5/102 [poisoned by Nessos]
 18518 | D:15     | Learned a level 5 spell: Blade Hands
 18700 | D:15     | Found an ancient bone altar of Kikubaaqudgha.
 18747 | D:15     | Reached XP level 13. HP: 84/90 MP: 17/25
 19059 | D:15     | Noticed an ogre mage
 19072 | D:15     | Killed an ogre mage
 19212 | D:13     | Found Gikusyf's Assorted Antiques.
 19591 | D:12     | Reached skill level 10 in Transmutations
 19738 | D:12     | Reached skill level 5 in Air Magic
 20389 | Lair:1   | Entered Level 1 of the Lair of Beasts
 20451 | Lair:1   | Noticed Nergalle
 20457 | Lair:1   | Killed Nergalle
 20533 | Lair:1   | Gained mutation: You are slightly weak-willed. (Will-) [Ru
                  | sacrifice]
 20533 | Lair:1   | Reached **** piety under Ru
 20533 | Lair:1   | Reached ***** piety under Ru
 20778 | Lair:1   | Reached skill level 11 in Unarmed Combat
 21811 | Lair:2   | Reached skill level 12 in Unarmed Combat
 22015 | Lair:2   | Found a staircase to the Snake Pit.
 22048 | Lair:2   | Reached XP level 14. HP: 97/97 MP: 26/26
 22684 | Lair:2   | Reached skill level 13 in Unarmed Combat
 22751 | Lair:2   | Found a staircase to the Swamp.
 23573 | Lair:3   | Reached skill level 14 in Unarmed Combat
 24547 | Lair:4   | Reached skill level 15 in Unarmed Combat
 25196 | Lair:5   | Found a gate leading to a gauntlet.
 25226 | Lair:5   | Slain by a dream sheep

Illustrated notes

Levels and vault maps discovered:
D:1:      tarquinn_simple_flora_water_e, layout_loops_ring,
          chequers_ecumenical_altar_simple_redux
D:2:      layout_basic, hangedman_decor_diamond_cutter
D:3:      layout_loops_ring, minivault_24, uniq_sigmund
D:4:      layout_gridville, nicolae_ashenzari_skybound, serial_co_window_serial,
          co_window_of_opportunity_a, co_window_paths_a,
          co_window_of_opportunity_a, co_window_paths_b, co_window_paths_a,
          co_window_of_opportunity_a, co_window_of_opportunity_a,
          co_window_cross_1, co_window_cross_1, co_window_broadway_a,
          co_window_unsneaky_path_b, co_window_of_opportunity_c,
          co_window_corner_ca, co_window_corner_ca, co_window_of_opportunity_c,
          co_window_paths_d, glass_columns_b
D:5:      layout_rooms, gammafunk_ghost_mausoleum
D:6:      layout_rooms, doesnt_xom_only_xom, kennysheep_path_1,
          kennysheep_cluttered_room, kennysheep_windowed_goal
D:7:      layout_basic, minmay_temple_entry_poolview, hex_tiny, st_stairs_11,
          uniq_prince_ribbit1, uniq_harold
D:8:      minmay_skewed_foursquare, layout_cave_pools, serial_shops,
          shop_fountains
D:9:      layout_long_grid, serial_shops, nicolae_take_the_stairs, uniq_maurice
D:10:     layout_rooms, orc_0_dummy, chequers_serial_rivers_room_b, uniq_snorg,
          uniq_joseph, uniq_erica
D:11:     layout_small_grid, david_lair_generic, muffindrake_ghost_dual_entry
D:12:     layout_gridville, minmay_statue_crystal_thing
D:13:     layout_stronghold, grunt_vaults_entry_fortified, serial_shops,
          nicolae_stop_n_shop_1
D:14:     layout_rooms, chequers_serial_rivers_micro_a,
          ebering_ghost_disaster_area, grunt_dithmenos_smoke_and_mirrors,
          uniq_louise, uniq_nessos
D:15:     grunt_enter_depths_snipers, layout_loops_ring, bh_walls_and_bars,
          lemuel_zombie_altar_kikubaaqudgha
Temple:   mainiacjoe_temple_cubbyholes
Lair:1:   layout_long_grid, serial_bayou_ford_a, uniq_nergalle
Lair:2:   layout_cave_pods, minmay_swamp_entry_worms,
          minmay_snake_entry_six_corridors, minmay_lindwurm_lava,
          infiniplex_staircase_pool
Lair:3:   layout_chaotic_city
Lair:4:   layout_layer_cave
Lair:5:   gammafunk_worm_tunnel, layout_cave_pods,
          dpeg_slime_entry_enclosed_altar, gauntlet_entry_generic,
          guppyfry_lair_drakes, grunt_megastairs_1, serial_bayou_shore_b

Skill      XL: |  1  2  3  4  5  6  7  8  9 10 11 12 13 14 |
---------------+-------------------------------------------+-----
Unarmed Combat | 4 5 6 7 9 10 12 15 | 15.8
Poison Magic   | 2 |  2.0
Transmutations | 4 6 10 | 10.4
Evocations     | 2 |  2.0
Spellcasting   | 4 6 |  6.6
Ice Magic      | 1 3 |  3.7
Fighting       | 5 9 |  9.5
Dodging        | 5 6 |  6.8
Conjurations   | 1 6 |  6.0
Armour         | 5 0 |  0.0
Air Magic      | 4 5 |  5.8

Action                   |  1- 3 |  4- 6 |  7- 9 | 10-12 | 13-15 || total
-------------------------+-------+-------+-------+-------+-------++-------
Melee: Unarmed           |   113 |    44 |   243 |   345 |   429 ||  1174
       Kick              |    11 |       |       |     4 |       ||    15
       Punch             |     2 |     1 |       |     3 |    12 ||    18
Throw: Javelin           |       |       |       |     4 |       ||     4
 Cast: Beastly Appendage |    27 |     5 |       |     1 |       ||    33
       Spider Form       |     1 |    11 |    30 |    35 |     8 ||    85
       Ice Form          |       |       |     7 |     9 |    20 ||    36
       Mephitic Cloud    |       |       |       |     5 |     3 ||     8
       Blade Hands       |       |       |       |     2 |    27 ||    29
       Freezing Cloud    |       |       |       |       |     1 ||     1
Invok: Sacrifice Durabil |       |       |       |     1 |       ||     1
       Draw Out Power    |       |       |       |     4 |     7 ||    11
       Sacrifice Health  |       |       |       |     1 |       ||     1
       Sacrifice Essence |       |       |       |       |     1 ||     1
       Apocalypse        |       |       |       |       |     1 ||     1
       Reject Sacrifices |       |       |       |       |     1 ||     1
 Abil: Shaft Self        |     2 |     2 |       |     3 |       ||     7
       End Transformatio |       |     1 |     1 |     2 |     1 ||     5
Evoke: Wand              |       |     1 |     4 |    22 |     3 ||    30
  Use: Scroll            |     1 |       |    13 |    12 |     9 ||    35
       Potion            |       |     1 |     1 |     7 |     1 ||    10
 Stab: Sleeping          |     1 |     1 |     1 |       |       ||     3
       Invisible         |       |       |     2 |       |       ||     2
       Confused          |       |       |       |     3 |     4 ||     7
       Paralysed         |       |       |       |     5 |     1 ||     6
       Distracted        |       |       |       |     2 |     1 ||     3
Armor: Robe              |    12 |     2 |     3 |     7 |    27 ||    51
       Skin              |       |       |    20 |    36 |    25 ||    81
Dodge: Dodged            |    59 |    47 |   170 |   248 |   207 ||   731

Table legend: (Time is in decaauts)
 A = Elapsed time spent in this place.
 B = Non-inter-level travel time spent in this place.
 C = Inter-level travel time spent in this place.
 D = Time resting spent in this place.
 E = Time spent auto-exploring this place.
 F = Levels seen in this place.
 G = Mean time per level.
                   A        B        C        D        E       F      G
               +--------+--------+--------+--------+--------+-----+--------+
         Total |  25055 |  24460 |    595 |   6389 |  13801 |  22 | 1138.9 |
       Dungeon |  19849 |  19346 |    503 |   5997 |  10000 |  15 | 1323.3 |
        Temple |    372 |    319 |     53 |      0 |    298 |   1 |  372.0 |
          Lair |   4768 |   4729 |     39 |    392 |   3502 |   5 |  953.6 |
         Abyss |     64 |     64 |      0 |      0 |      0 |   1 |   64.0 |
               +--------+--------+--------+--------+--------+-----+--------+

Top non-repeatable levels by time:
    D:15: 3381 daAuts
     D:6: 2256 daAuts
     D:7: 1946 daAuts
     D:2: 1598 daAuts
  Lair:2: 1471 daAuts
     D:9: 1462 daAuts
    D:10: 1418 daAuts
     D:5: 1405 daAuts
    D:11: 1374 daAuts
  Lair:1: 1295 daAuts
  Lair:3: 1236 daAuts
     D:1: 1112 daAuts
    D:12: 912 daAuts
     D:3: 820 daAuts
     D:8: 776 daAuts
